[Event "MČR v rapid šachu družstev 2019"]
[Site "Teplice, Czech Republic"]
[Date "2019.09.15"]
[Round "8.24"]
[White "Lacina, Filip"]
[Black "Loskot, Petr"]
[Result "1/2-1/2"]
[TimeControl "15 min. + 5s"]
[WhiteElo "2027"]
[BlackElo "2065"]

1. e4 e6 2. d4 d5 3. e5 c5 4.
c3 Nc6 5. Nf3 Bd7 6. dxc5 Bxc5 7. b4 Be7 8. b5 Na5 9. Bd3 Rc8 10. O-O Nc4 11. a4 Qc7 12. Re1 a6 13. bxa6 bxa6 14. Ra2 Rb8 15. Rae2 Qc6 16.
Bc2 Bc5 17. Nd4 Qc7 18. Qd3 Ne7 19. Qg3 g6 20. h4 h5 21. Bg5 Nc6 22. Bf6 Rg8 23. Qf4 Be7 24. Qh6 Bxf6 25. exf6 Nxd4 26.
cxd4 Qd6 27. Nd2 1/2-1/2

[Event "MČR v rapid šachu družstev 2019"]
[Site "Teplice, Czech Republic"]
[Date "2019.09.15"]
[Round "8.25"]
[White "Bujak, Michal"]
[Black "Babicka, Michal"]
[Result "0-1"]
[TimeControl "15 min. + 5s"]
[WhiteElo "2170"]
[BlackElo "2010"]

1. e4 c5 2. Nf3 d6 3. d4 cxd4 4. Nxd4 Nf6 5. Nc3 a6 6. Bg5 e6 7. f4 Be7 8. Qf3 O-O 9. O-O-O Qc7 10. Bd3 Nbd7 11. Rhe1 b5 12. e5 dxe5 13. fxe5 Nxe5 14. Rxe5 Qxe5 15.
Bf4 Qc5 16. Qxa8 e5 17. Nb3 Qb6 18.
Qf3 exf4 19. Qxf4 Bg4 20. Re1 Bd6 21. Qg5 h6 22. Qh4 Bf4+ 23. Kb1 Bg5 24. Qg3 Be6 25. h4 Nh5 26. Qf2 Qxf2 0-1

[Event "MČR v rapid šachu družstev 2019"]
[Site "Teplice, Czech Republic"]
[Date "2019.09.15"]
[Round "8.26"]
[White "Vales, Vaclav"]
[Black "Sott, Pavel"]
[Result "1/2-1/2"]
[TimeControl "15 min. + 5s"]
[WhiteElo "2110"]
[BlackElo "2179"]

1. d4 Nf6 2. Nf3 c5 3.
c3 cxd4 4. cxd4 g6 5. Nc3 Bg7 6. e4 d6 7. h3 O-O 8. Bd3 a6 9. O-O e6 10. Bg5 Qc7 11. Rc1 Qb6 12. Qd2 Nc6 13.
Bb1 Re8 14. Na4 Qa7 15. d5 b5 16. Be3 Qb8 17. Nb6 exd5 18. exd5 Ne7 19. Nxa8 Qxa8 20. Bg5 Bb7 21. Rfe1 Nexd5 22. Rxe8+ Qxe8 23. b3 b4 24. Re1 Qd7 25. Qd3 Nh5 26. Qe2 Nhf6 27. Bd3 a5 28. Bb5 Qc8 29. Be8 h6 30. Bxf6 Bxf6 31.
Ba4 Kg7 32. Qe8 Qc3 33. Qd7 Nc7 34. Re3 Qc1+ 35. Re1 Qc3 36. Re3 Qc1+ 37. Re1 Qc3 38. Re3 Qc1+ 39. Ne1 Nd5 1/2-1/2

[Event "MČR v rapid šachu družstev 2019"]
[Site "Teplice, Czech Republic"]
[Date "2019.09.15"]
[Round "8.27"]
[White "Kupka, Frantisek"]
[Black "Janda, Zdenek"]
[Result "0-1"]
[TimeControl "15 min. + 5s"]
[WhiteElo "2061"]
[BlackElo "2008"]

1. e4 d6 2. d4 Nf6 3. Bd3 Nc6 4. c3 e5 5. d5 Ne7 6. Ne2 Nd7 7. O-O g6 8. f4 exf4 9. Bxf4 Bg7 10.
h3 O-O 11. Ng3 Ne5 12. Bc2 f5 13. Nd2 c6 14. dxc6 bxc6 15. Bb3+ Kh8 16. exf5 Nxf5 17. Nde4 d5 18. Nxf5 Bxf5 19.
Ng3 Bc8 20. Qe2 Re8 21. Qd2 Ba6 22. Rfe1 Qd7 23. Rad1 Nd3 24. Rxe8+ Rxe8 25. Be3 Qd6 26.
Nf1 c5 27. Rb1 d4 28. cxd4 Bxd4 29. Bxd4+ Qxd4+ 30. Kh2 c4 31. Bc2 Bb7 32. Qc3 Qe5+ 33. Qxe5+ Rxe5 34. Ng3 h5 35. h4 Kg7 36.
b3 Nf4 37. bxc4 Bxg2 38. Rb2 Bc6 39. Bb3 Nd3 40. Rd2 Nc5 41. Kg1 Re3 42. Nf1 Rh3 43. Rh2 Rc3 44. Kf2 Nxb3 45. axb3 Rxb3 46.
Ke2 Rb2+ 47. Nd2 a5 48.
Kd3 a4 49. Kc3 a3 50. Rf2 Ba4 51. Rf1 Rc2+ 52. Kd3 a2 53. Ra1 Kf6 54.
c5 Ke6 55. Nc4 Rh2 56. Nb6 Bb5+ 57. Kc3 Bc6 58. Nc4 Kd5 59. Ne3+ Kxc5 60. Kd3 Bd5 61. Nc2 Be4+ 62. Kxe4 Rxc2 63.
Kf4 Kb4 64. Kg5 Rg2+ 65. Kf6 Kb3 0-1

[Event "MČR v rapid šachu družstev 2019"]
[Site "Teplice, Czech Republic"]
[Date "2019.09.15"]
[Round "8.28"]
[White "Havranek, Tomas"]
[Black "Janocko, Petr"]
[Result "1-0"]
[TimeControl "15 min. + 5s"]
[WhiteElo "2023"]
[BlackElo "2071"]

1. e4 c6 2. d4 d5 3. Nc3 dxe4 4. Nxe4 Bf5 5. Ng3 Bg6 6. Nf3 Nd7 7. h4 h5 8. Bd3 Bxd3 9. Qxd3 e6 10. Bd2 Ngf6 11. O-O-O Bd6 12.
Ng5 Bxg3 13. Qxg3 Qe7 14. Bf4 Nb6 15. Bd6 Qd7 16. Rhe1 O-O-O 17. Bb8 Rhe8 18. Bxa7 Nbd5 19. Qb8# 1-0